 Dungeon Crawl Stone Soup version 0.24.1-14-gf8d2b509d9 (webtiles) character file.

Game seed: 7717812663202149472, levelgen mode: deterministic

581 Gruesph the Poker (level 7, 0/50 HPs)
             Began as a Merfolk Skald on May 17, 2020.
             Slain by an orc priest
             ... wielding a +0 dagger
              (1 damage)
             ... on level 4 of the Dungeon.
             The game lasted 00:11:52 (4570 turns).

Gruesph the Poker (Merfolk Skald)                   Turns: 4570, Time: 00:11:53

Health: 0/50       AC:  7    Str: 13    XL:     7   Next: 36%
Magic:  8/20       EV: 11    Int: 13    God:
Gold:   148        SH:  0    Dex: 13    Spells: 1/12 levels left

rFire    . . .     SeeInvis .   a - +0 spear
rCold    + . .     Gourm    .   (no shield)
rNeg     . . .     Faith    .   n - +0 ring mail
rPois    .         Spirit   .   m - +1 helmet
rElec    .         Reflect  .   (no cloak)
rCorr    .         Harm     .   (no gloves)
MR       .....                  (no boots)
Stlth    +.........             (no amulet)
HPRegen  0.16/turn              h - ring of magical power
MPRegen  0.17/turn              v - ring of protection from cold

@: infused, singing
A: change form in water, swift swim, stealthy swim
a: no special abilities


You were on level 4 of the Dungeon.
You were not hungry.

You visited 1 branch of the dungeon, and saw 4 of its levels.

You collected 148 gold pieces.

Inventory:

Hand Weapons
 a - a +0 spear (weapon)
Missiles
 b - 6 poisoned darts (quivered)
 k - 84 stones
 t - a throwing net
Armour
 m - a +1 helmet (worn)
 n - a +0 ring mail (worn)
Jewellery
 h - a ring of magical power (left hand)
 v - a ring of protection from cold (right hand)
Wands
 s - a wand of flame (15)
Scrolls
 d - 2 scrolls of teleportation
 e - a scroll of enchant armour
 i - 2 scrolls of identify
 r - 3 scrolls of remove curse
Potions
 c - a potion of curing
 q - 2 potions of agility
 u - a potion of ambrosia
 w - a potion of might
Comestibles
 f - 8 rations


   Skills:
 - Level 2.1 Fighting
 + Level 7.5 Polearms
 - Level 0.6 Armour
 - Level 2.6 Dodging
 - Level 2.0 Stealth
 - Level 3.2 Spellcasting
 + Level 6.1 Charms


You had one spell level left.
You knew the following spells:

 Your Spells              Type           Power        Failure   Level  Hunger
a - Infusion              Chrm           ###.         3%          1    #......
b - Song of Slaying       Chrm           ###.....     5%          2    ##.....
c - Shroud of Golubria    Chrm/Tloc      ##....       21%         2    ##.....
d - Regeneration          Chrm/Necr      ##........   38%         3    ###....
e - Spectral Weapon       Hex/Chrm       ##......     38%         3    ###....

Your spell library contained the following spells:

 Spells                   Type           Power        Failure   Level  Hunger


Dungeon Overview and Level Annotations

Branches:
Dungeon (4/15)
 Temple: D:4-7

Altars:
Ashenzari
Cheibriados
Dithmenos
Nemelex Xobeh
Qazlal
Trog


Message History

You are too injured to fight recklessly!
Evoke which item? (* to show all) (? for menu, Esc to quit)
Aiming: Throw Flame
Press: ? - help, Shift-Dir - straight line, f/p - orc priest
Aim: an orc priest, wielding a +0 dagger and wearing a +0 leather armour (moderately wounded)
The puff of flame hits the orc priest.
The orc priest is severely wounded.
The orc hits you with a cursed +0 flail.
* * * LOW HITPOINT WARNING * * *
The orc priest hits you but does no damage.
Evoke which item? (* to show all) (? for menu, Esc to quit)
Aiming: Throw Flame
Press: ? - help, Shift-Dir - straight line, f/p - orc priest
Aim: an orc priest, wielding a +0 dagger and wearing a +0 leather armour (severely wounded)
The puff of flame hits the orc priest.
The orc priest is almost dead.
The orc hits you with a cursed +0 flail!
* * * LOW HITPOINT WARNING * * *
The orc priest hits you with a +0 dagger.
You die...

#....,,,#...###* #..# *##
#....,,,#...[..###..## *.# ****
...._,,,..###........#*#.###**,,*
#....,,,#.#.##.#.#...##....##,,,,
#....,,,*........##..........,,,,
**,,,,,**........*##.........,,**
****,****.......#####........,,,,
,,,,,,,,,......o#..##..#.....,,**
,,,,,,,,>#.....)@.....#.....#,,**
,,,,,,,,*#.....o...##.#......,,,*
,,,,,,,,,...........#..###...,,**
,,,,,,,,,....._..†_.#....,*##,**
,,,,,,,,,.##.......^.#....* ***
,,,,,,,,,,*#._..8......##.#*
,,,,,,,,,,,#..........%#*..#
*,**,,,,,,*##....._....#,,##
,,,,,,,,,,,*#..._........,**


You could see an orc priest and an orc.

Vanquished Creatures
  Menkaure (D:4)
  A bullfrog (D:4)
  A vampire bat (D:3)
  An iguana (D:3)
  2 orc wizards
  A hound skeleton (D:4)
  7 adders
  3 gnolls (D:3)
  3 oozes
  A worm (D:4)
  3 dart slugs
  3 fire bats (D:3)
  2 leopard geckos (D:2)
  2 orcs (D:3)
  2 spectral bats (D:3)
  3 bat skeletons (D:3)
  A bat zombie (D:3)
  A giant cockroach (D:3)
  3 goblins
  4 hobgoblins
  10 jackals
  11 kobolds
  15 bats
  A bat simulacrum (D:3)
  3 frilled lizards
  A jackal zombie (D:4)
  10 rats
96 creatures vanquished.

Notes
Turn   | Place    | Note
-------+----------+-------------------------------------------
     0 | D:1      | Gruesph the Merfolk Skald began the quest for the Orb.
     0 | D:1      | Reached XP level 1. HP: 16/16 MP: 3/3
   321 | D:1      | Reached XP level 2. HP: 20/22 MP: 1/5
   322 | D:1      | Reached skill level 1 in Stealth
   345 | D:1      | Learned a level 2 spell: Song of Slaying
   348 | D:1      | Learned a level 2 spell: Shroud of Golubria
  1220 | D:2      | Reached XP level 3. HP: 27/27 MP: 6/6
  1319 | D:2      | Reached skill level 4 in Polearms
  1649 | D:2      | Reached XP level 4. HP: 33/33 MP: 7/7
  2347 | D:3      | Reached skill level 5 in Polearms
  2354 | D:3      | Reached XP level 5. HP: 38/38 MP: 0/8
  2468 | D:3      | Reached skill level 6 in Polearms
  2468 | D:3      | Reached skill level 5 in Charms
  2921 | D:3      | Reached XP level 6. HP: 39/44 MP: 6/9
  4418 | D:4      | Found a stormy altar of Qazlal.
  4478 | D:4      | Found a shadowy altar of Dithmenos.
  4479 | D:4      | Found a shattered altar of Ashenzari.
  4486 | D:4      | Found a snail-covered altar of Cheibriados.
  4486 | D:4      | Found a sparkling altar of Nemelex Xobeh.
  4487 | D:4      | Found a bloodstained altar of Trog.
  4496 | D:4      | Noticed Menkaure
  4498 | D:4      | Reached skill level 7 in Polearms
  4502 | D:4      | Killed Menkaure
  4502 | D:4      | Reached XP level 7. HP: 45/50 MP: 7/11
  4507 | D:4      | Learned a level 3 spell: Regeneration
  4511 | D:4      | Learned a level 3 spell: Spectral Weapon
  4570 | D:4      | HP: 1/50 [orc/cursed +0 flail (8)]
  4570 | D:4      | Slain by an orc priest

Levels and vault maps discovered:
D:1:      dpeg_arrival_simpleton_c, layout_loops_ring
D:2:      layout_rooms, minmay_misc_feat_four_crosses, kennysheep_crisscross,
          minmay_randomly_rotated_circles
D:3:      layout_basic, goddamned_bats
D:4:      layout_cave_pools, grunt_temple_overflow_open, old_standard_altar,
          uniq_menkaure, uniq_grinder

Skill      XL: |  1  2  3  4  5  6 |
---------------+-------------------+-----
Stealth        | 1 2 |  2.0
Polearms       | 4 5 6 7 |  7.5
Charms         | 4 5 6 |  6.1
Spellcasting   | 3 |  3.2
Fighting       | |  2.1
Armour         | |  0.6
Dodging        | |  2.6

Action                   |  1- 3 |  4- 6 |  7- 9 || total
-------------------------+-------+-------+-------++-------
Melee: Spear             |   105 |   245 |    16 ||   366
Throw: Stone             |     1 |     7 |       ||     8
       Dart              |       |     6 |       ||     6
 Cast: Infusion          |     4 |    12 |     1 ||    17
       Song of Slaying   |     1 |     9 |     1 ||    11
Evoke: Wand              |       |     3 |     4 ||     7
  Use: Scroll            |       |    12 |       ||    12
 Stab: Sleeping          |     1 |       |       ||     1
  Eat: Chunk             |     2 |    10 |     1 ||    13
Armor: Leather armour    |     8 |       |       ||     8
       Ring mail         |    29 |    98 |     4 ||   131
Dodge: Dodged            |    43 |   136 |    11 ||   190
